 Dungeon Crawl Stone Soup version 0.29-a0-1027-gcd8c55af63 (webtiles) character file.

Game seed: 3744046989182832999

267 Locuples the Chopper (level 6, -5/53 HPs)
             Began as a Minotaur Fighter on Aug 12, 2022.
             Was an Initiate of Okawaru.
             Slain by a wind drake (8 damage)
             ... created by the adversity of Qazlal
             ... on level 4 of the Dungeon.
             The game lasted 00:06:17 (3421 turns).

Locuples the Chopper (Minotaur Fighter)             Turns: 3421, Time: 00:06:18

Health: -5/53      AC: 16    Str: 23    XL:     6   Next: 0%
Magic:  5/5        EV:  6    Int:  5    God:    Okawaru [......]
Gold:   137        SH:  4    Dex:  9    Spells: 5/5 levels left

rFire   . . .      SeeInvis .   a - +0 war axe
rCold   x x .      Faith    .   c - +0 buckler
rNeg    . . .      Spirit   .   t - +3 plate armour {Will+}
rPois   .          Reflect  .   (helmet restricted)
rElec   .          Harm     .   k - +0 cloak
rCorr   .          Rampage  .   (no gloves)
Will    ++...                   (no boots)
Stlth   ..........              (no amulet)
HPRegen 0.17/turn               m - ring of willpower
MPRegen 0.09/turn               (no ring)

@: no status effects
A: horns 2, retaliatory headbutt, [cold vulnerability 2]
a: Renounce Religion


You were on level 4 of the Dungeon.
You worshipped Okawaru.
Okawaru was noncommittal.
You visited 2 branches of the dungeon, and saw 5 of its levels.

You collected 167 gold pieces.
You spent 30 gold pieces at shops.

Inventory:

Hand Weapons
 a - a +0 war axe (weapon)
Armour
 c - a +0 buckler (worn)
 k - a +0 cloak (worn)
 t - a +3 plate armour of willpower (worn)
Jewellery
 m - a ring of willpower (left hand)
Wands
 v - a wand of paralysis (13)
Scrolls
 b - 2 scrolls of amnesia {unknown}
 e - a scroll of blinking {unknown}
 f - 5 scrolls of identify {unknown}
 g - 3 scrolls of teleportation {unknown}
 i - a scroll of fear {unknown}
 j - a scroll of brand weapon {unknown}
 n - a scroll of vulnerability {unknown}
 p - a scroll of magic mapping {unknown}
 q - a scroll of summoning {unknown}
 s - a scroll of torment {unknown}
 w - a scroll of butterflies {unknown}
Potions
 d - a potion of might
 h - 3 potions of haste {unknown}
 l - 5 potions of curing
 o - 3 potions of attraction {unknown}
 r - a potion of lignification {unknown}
 u - a potion of berserk rage {unknown}


   Skills:
 + Level 4.6 Fighting
 + Level 5.2 Axes
 + Level 4.8 Armour
 + Level 1.2 Dodging
 + Level 4.6 Shields


You had 5 spell levels left.
You didn't know any spells.
Your spell library contained the following spells:

 Spells                   Type           Power      Damage    Failure   Level
 Apportation              Tloc           0%         N/A       100%        1
 Necrotise                Necr           0%         1d4       100%        1
 Portal Projectile        Hex/Tloc       0%         N/A       100%        3
 Leda's Liquefaction      Hex/Erth       0%         N/A       100%        4
 Summon Small Mammal      Summ           Unusable   N/A       N/A         1
 Call Canine Familiar     Summ           Unusable   N/A       N/A         3

Dungeon Overview and Level Annotations

Branches:
Dungeon (4/15)             Temple (1/1) D:4

Altars:
Ashenzari
Cheibriados
Dithmenos
Gozag
Hepliaklqana
Kikubaaqudgha
Makhleb
Nemelex Xobeh
Okawaru
Qazlal
Sif Muna
Trog
Uskayaw
Vehumet
Wu Jian
Xom
Zin
The Shining One

Shops:
D:1 *


Innate Abilities, Weirdness & Mutations

You have a pair of horns on your head.
You reflexively headbutt those who attack you in melee.
[You are very vulnerable to cold. (rC--)]


Message History

You headbutt the wind drake. The rime drake breathes ice at you.
The flash freeze hits you!
You feel a painful chill!
You are encased in ice.
You closely miss the wind drake.
The wind drake is heavily wounded.
You slash the rime drake! The wind drake barely misses you.
The rime drake closely misses you. You furiously retaliate!
You headbutt the rime drake.
You kill the rime drake!
That felt strangely unrewarding.
The wind drake bites you.
You slash the wind drake! You headbutt the wind drake.
The wind drake is severely wounded.
The ice encasing you melts away. The wind drake bites you!
* * * LOW HITPOINT WARNING * * *
You barely miss the wind drake.
The wind drake is severely wounded.
The wind drake exhales a fierce blast of wind!
The wind drake bites you but does no damage.
You barely miss the wind drake. You headbutt the wind drake!
The wind drake is almost dead.
The wind drake bites you but does no damage. x2
You closely miss the wind drake.
The wind drake is severely wounded.
The wind drake bites you but does no damage.
You slash the wind drake!
The wind drake is almost dead.
The wind drake closely misses you. The wind drake barely misses you.
You miss the wind drake. Your headbutt misses the wind drake.
The wind drake is almost dead.
The wind drake bites you.
* * * LOW HITPOINT WARNING * * *
You closely miss the wind drake.
The wind drake is almost dead.
The wind drake flaps its wings at you. The air twists around and strikes you!
* * * LOW HITPOINT WARNING * * *
The wind drake bites you!
You die...

####....### #..........
#....# ####.#).....##
######....# #............#
.
....##....###.♣.♣§.#####.#
#. ...............♣P..§§..
. ..
....#########.♣P.P♣P### #.
....# ♣.♣P.♣§§♣ #. ....#
♣♣.♣♣§♣.P♣ #. ....#
♣♣.@♣♣♣♣♣ #. ....# ♣.♣k†.♣
.##. ....# ♣♣.♣†♣♣ ....
....# ♣.....P♣ ##. ....#
♣♣♣♣♣♣.:.♣ #.. ....# ..♣#
#.# ##### .P##.#.# #.# ##
P..#.#.#..#.# [# P
.##.#.#..#.#


You could see a wind drake (repels missiles).

Vanquished Creatures
  A rime drake (D:4)
  A hound (D:3)
  An iguana (D:4)
  Robin (D:2)
  4 gnolls (D:3)
  3 adders
  3 worms
  3 dart slugs
  4 orcs
  6 endoplasms
  3 giant cockroaches
  12 goblins
  14 hobgoblins
  9 jackals
  8 kobolds
  9 quokkas
  7 ball pythons
  10 bats
  4 frilled lizards
  7 rats
110 creatures vanquished.

Vanquished Creatures (others)
  20 plants (D:4)
20 creatures vanquished.

Grand Total: 130 creatures vanquished

Notes
Turn   | Place    | Note
-------+----------+-------------------------------------------
     0 | D:1      | Locuples the Minotaur Fighter began the quest for the Orb.
     0 | D:1      | Reached XP level 1. HP: 19/19 MP: 0/0
   249 | D:1      | Reached XP level 2. HP: 15/27 MP: 1/1
   660 | D:1      | Reached skill level 3 in Axes
   782 | D:1      | Found Kathri's General Store.
   785 | D:1      | Bought a potion of curing for 30 gold pieces
  1056 | D:2      | Reached XP level 3. HP: 33/33 MP: 2/2
  1234 | D:2      | Noticed Robin
  1243 | D:2      | Killed Robin
  1246 | D:2      | Reached XP level 4. HP: 15/40 MP: 3/3
  1470 | D:2      | Reached skill level 4 in Axes
  1938 | D:3      | Found a faded altar of an unknown god.
  1949 | D:3      | Prayed at the altar of an unknown god.
  1949 | D:3      | Became a worshipper of Qazlal Stormbringer
  1949 | D:3      | Reached * piety under Qazlal
  2163 | D:3      | Reached XP level 5. HP: 35/47 MP: 4/4
  2374 | D:3      | Reached skill level 1 in Dodging
  2583 | D:3      | Reached ** piety under Qazlal
  2782 | D:4      | Reached skill level 5 in Axes
  2831 | D:4      | Found a staircase to the Ecumenical Temple.
  2860 | Temple   | Entered the Ecumenical Temple
  2902 | Temple   | Fell from the grace of Qazlal
  2902 | Temple   | Became a worshipper of Warmaster Okawaru
  3133 | D:4      | Found a shimmering altar of Xom.
  3375 | D:4      | Reached XP level 6. HP: 43/53 MP: 5/5
  3404 | D:4      | Noticed a rime drake
  3404 | D:4      | Noticed a wind drake
  3414 | D:4      | Killed a rime drake
  3421 | D:4      | Slain by a wind drake

Illustrated notes

Levels and vault maps discovered:
D:1:      dpeg_arrival_short_road, layout_loops_ring, serial_shops,
          nicolae_shop_behind_doors, serial_bayou_crossing
D:2:      layout_basic, uniq_robin
D:3:      layout_basic, basic_ecumenical_altar, small_statue_intersection
D:4:      wad_woods_stonehenge, layout_basic
Temple:   minmay_crystal_spiral_temple

Skill      XL: |  1  2  3  4  5 |
---------------+----------------+-----
Axes           | 3 4 5 |  5.2
Shields        | 4 |  4.6
Fighting       | 4 |  4.6
Armour         | 4 |  4.8
Dodging        | 1 |  1.2

Action                   |  1- 3 |  4- 6 || total
-------------------------+-------+-------++-------
Melee: War axe           |    81 |   155 ||   236
       Headbutt          |     6 |    22 ||    28
Invok: Upheaval          |       |     1 ||     1
Armor: Scale mail        |    44 |    26 ||    70
       Plate armour      |       |    77 ||    77
Dodge: Dodged            |    56 |    68 ||   124
Block: Buckler           |    32 |    43 ||    75

Table legend: (Time is in decaauts)
 A = Elapsed time spent in this place.
 B = Non-inter-level travel time spent in this place.
 C = Inter-level travel time spent in this place.
 D = Time resting spent in this place.
 E = Time spent auto-exploring this place.
 F = Levels seen in this place.
 G = Mean time per level.
                   A        B        C        D        E       F      G
               +--------+--------+--------+--------+--------+-----+--------+
         Total |   3508 |   3340 |    168 |      4 |   2510 |   5 |  701.6 |
       Dungeon |   3305 |   3222 |     83 |      4 |   2447 |   4 |  826.2 |
        Temple |    202 |    117 |     85 |      0 |     63 |   1 |  202.0 |
               +--------+--------+--------+--------+--------+-----+--------+

Top non-repeatable levels by time:
     D:2: 1062 daAuts
     D:1: 926 daAuts
     D:3: 700 daAuts
     D:4: 616 daAuts
  Temple: 202 daAuts
